 Dungeon Crawl Stone Soup version 0.30-a0-778-g2ef04afb54 (webtiles) character file.

Game seed: 7836007459666600415

165 Crownlay the Chiller (level 5, -7/37 HPs)
             Began as a Gnoll Ice Elementalist on Feb 16, 2023.
             Mangled by Menkaure (17 damage)
             ... on level 4 of the Dungeon.
             The game lasted 00:04:56 (3793 turns).

Crownlay the Chiller (Gnoll Ice Elementalist)       Turns: 3793, Time: 00:04:56

Health: -7/37      AC:  4    Str:  7    XL:     5   Next: 46%
Magic:  1/12       EV: 13    Int: 16    God:
Gold:   178        SH:  0    Dex: 13    Spells: 3/14 levels left

rFire   . . .      SeeInvis .    g - +0 dagger (venom)
rCold   . . .      Faith    .    (no shield)
rNeg    . . .      Spirit   .    a - +0 robe
rPois   .          Reflect  .    (no helmet)
rElec   .          Harm     .    (no cloak)
rCorr   .          Rampage  .    c - +1 pair of gloves
Will    .....                    (no boots)
Stlth   +++                      (no amulet)
HPRegen 0.26/turn                (no ring)
MPRegen 0.13/turn                (no ring)

@: freezing walls, very slightly contaminated
A: fangs 1, strong nose, distributed training
a: no special abilities


You were on level 4 of the Dungeon.
You visited 1 branch of the dungeon, and saw 4 of its levels.

You collected 178 gold pieces.

Inventory:

Hand Weapons
 g - a +0 dagger of venom (weapon)
Armour
 a - a +0 robe (worn)
 c - a +1 pair of gloves (worn)
Magical Staves
 k - a staff of cold
Jewellery
 h - a ring of fire
 u - a ring of protection from cold
Wands
 s - a wand of roots (7)
Scrolls
 f - 2 scrolls of identify {unknown}
 j - a scroll of silence {unknown}
 q - a scroll of teleportation {unknown}
 r - a scroll of summoning {unknown}
 t - a scroll of immolation {unknown}
Potions
 b - a potion of magic
 d - a potion of flight {unknown}
 e - 2 potions of attraction {unknown}
 i - a potion of curing
 l - a potion of lignification {unknown}
 m - a potion of resistance {unknown}
 n - 2 potions of might {unknown}
 o - a potion of heal wounds
 p - a potion of brilliance {unknown}


   Skills:
 + Level 1.6 Fighting
 + Level 1.6 Short Blades
 + Level 1.6 Long Blades
 + Level 1.6 Axes
 + Level 1.6 Maces & Flails
 + Level 1.6 Polearms
 + Level 1.6 Staves
 + Level 1.6 Ranged Weapons
 + Level 1.6 Throwing
 + Level 1.6 Armour
 + Level 4.8 Dodging
 + Level 4.4 Stealth
 + Level 1.6 Shields
 + Level 1.6 Unarmed Combat
 + Level 5.2 Spellcasting
 + Level 1.2 Conjurations
 + Level 1.2 Hexes
 + Level 1.2 Summonings
 + Level 1.2 Necromancy
 + Level 1.2 Translocations
 + Level 1.2 Transmutations
 + Level 1.2 Fire Magic
 + Level 7.2 Ice Magic
 + Level 1.2 Air Magic
 + Level 1.2 Earth Magic
 + Level 1.2 Poison Magic
 + Level 1.8 Invocations
 + Level 1.6 Evocations


You had 3 spell levels left.
You knew the following spells:

 Your Spells              Type           Power      Damage    Failure   Level
a - Freeze                Ice            100%       1d10      1%          1
b - Frozen Ramparts       Ice            54%        1d9       2%          3
c - Ozocubu's Armour      Ice            27%        N/A       2%          3
d - Summon Ice Beast      Ice/Summ       17%        N/A       26%         4

Your spell library contained the following spells:

 Spells                   Type           Power      Damage    Failure   Level
 Shock                    Conj/Air       32%        1d5       9%          1
 Blink                    Tloc           16%        N/A       13%         2
 Lesser Beckoning         Tloc           16%        N/A       13%         2
 Momentum Strike          Conj/Tloc      16%        3d8       13%         2
 Swiftness                Air            8%         N/A       26%         3
 Metabolic Englaciation   Hex/Ice        8%         N/A       58%         5
 Airstrike                Air            4%         2d(1-17)  65%         4
 Simulacrum               Ice/Necr       8%         N/A       99%         6


Dungeon Overview and Level Annotations

Branches:
Dungeon (4/15)
 Temple: D:4-7

Altars:

Shops:
D:1 (

Annotations:
D:4 Menkaure


Innate Abilities, Weirdness & Mutations

You have very sharp teeth.
Your uncanny sense of smell can sniff out nearby items.
Your experience applies equally to all skills.


Message History

The frozen ramparts melt away as you move.
Menkaure's ankle releases a plume of dust as he confides, "I'm not really a mummy, you know."
Menkaure barely misses you.
Menkaure mumbles drily.
Casting: Ozocubu's Armour (dangerous; 2% risk of failure)
Confirm with . or Enter, or press ? or * to list all spells.
Casting: Frozen Ramparts (dangerous; 2% risk of failure)
Press: ? - help, Dir - look around, f - activate You miscast Frozen Ramparts.
You are very lightly contaminated with residual magic.
Nothing appears to happen.
Menkaure hits you.
Casting: Frozen Ramparts (dangerous; 2% risk of failure)
Confirm with . or Enter, or press ? or * to list all spells.
Casting: Frozen Ramparts (dangerous; 2% risk of failure)
Press: ? - help, Dir - look around, f - activate The walls around you are covered in ice.
Menkaure resists.
The wall freezes Menkaure.
Menkaure hits you.
Casting: Frozen Ramparts (dangerous; 2% risk of failure)
Confirm with . or Enter, or press ? or * to list all spells.
You don't have enough magic to cast this spell.
You hit Menkaure but do no damage. You bite Menkaure, but do no damage.
Menkaure is lightly damaged.
The wall freezes Menkaure but does no damage.
Menkaure calls on the powers of darkness!
Your body is wracked with pain!
* * * LOW HITPOINT WARNING * * *
You barely miss Menkaure.
Menkaure is lightly damaged.
Menkaure resists.
The wall freezes Menkaure.
Menkaure hits you.
* * * LOW HITPOINT WARNING * * *
It was a potion of curing.
You feel better.
Menkaure resists.
The wall freezes Menkaure.
Menkaure hits you.
The wall freezes Menkaure but does no damage.
Menkaure grins.
Menkaure hits you.
* * * LOW HITPOINT WARNING * * *
You hit Menkaure but do no damage. You bite Menkaure.
Menkaure is moderately damaged.
Menkaure resists.
The wall freezes Menkaure.
Menkaure hits you!
You die...

........###..##.....#
##########.########## ##..##
###.#### ##..##..# #.#####.###
######..##....#
#####....###.##<#.#
#.....####..###@#.### #.#####
#.####..M...# #.#
##..###.#.#.#### #. #.#
###.#.........# #. #.#
###..####..#.##.# .. #.#
##.....<....#....# #. ##.##
##.....####.####..# #.
....###.......###.##.#..# ##.
....##.........##.#.....#######..


You could see Menkaure (fast).

Vanquished Creatures
  A hound (D:4)
  Robin (D:2)
  2 adders
  4 worms (D:2)
  A dart slug (D:3)
  An orc (D:3)
  8 bats
  12 endoplasms
  5 giant cockroaches
  8 hobgoblins
  2 jackals (D:4)
  6 kobolds
  A quokka (D:1)
  7 ball pythons
  4 frilled lizards
  13 goblins
  7 rats
83 creatures vanquished.

Notes
Turn   | Place    | Note
-------+----------+-------------------------------------------
     0 | D:1      | Crownlay the Gnoll Ice Elementalist began the quest for the
                  | Orb.
     0 | D:1      | Reached XP level 1. HP: 13/13 MP: 6/6
   143 | D:1      | Reached XP level 2. HP: 19/19 MP: 4/7
   316 | D:1      | Found Isujaagu's Weapon Emporium.
   650 | D:1      | Reached skill level 5 in Spellcasting
   650 | D:1      | Reached XP level 3. HP: 25/25 MP: 6/9
   883 | D:1      | Reached skill level 1 in Invocations
  1181 | D:2      | Noticed Robin
  1192 | D:1      | Learned a level 3 spell: Frozen Ramparts
  1196 | D:1      | Learned a level 3 spell: Ozocubu's Armour
  1201 | D:2      | Reached skill level 1 in Fighting
  1201 | D:2      | Reached skill level 1 in Short Blades
  1201 | D:2      | Reached skill level 1 in Long Blades
  1201 | D:2      | Reached skill level 1 in Axes
  1201 | D:2      | Reached skill level 1 in Maces & Flails
  1201 | D:2      | Reached skill level 1 in Polearms
  1201 | D:2      | Reached skill level 1 in Staves
  1201 | D:2      | Reached skill level 1 in Ranged Weapons
  1201 | D:2      | Reached skill level 1 in Throwing
  1201 | D:2      | Reached skill level 1 in Armour
  1201 | D:2      | Reached skill level 1 in Shields
  1201 | D:2      | Reached skill level 1 in Unarmed Combat
  1201 | D:2      | Reached skill level 1 in Evocations
  1215 | D:2      | Killed Robin
  1216 | D:2      | Reached XP level 4. HP: 31/32 MP: 1/11
  1442 | D:2      | Reached skill level 1 in Conjurations
  1442 | D:2      | Reached skill level 1 in Hexes
  1442 | D:2      | Reached skill level 1 in Summonings
  1442 | D:2      | Reached skill level 1 in Necromancy
  1442 | D:2      | Reached skill level 1 in Translocations
  1442 | D:2      | Reached skill level 1 in Transmutations
  1442 | D:2      | Reached skill level 1 in Fire Magic
  1442 | D:2      | Reached skill level 1 in Air Magic
  1442 | D:2      | Reached skill level 1 in Earth Magic
  1442 | D:2      | Reached skill level 1 in Poison Magic
  2532 | D:3      | Found a faded altar of an unknown god.
  2904 | D:3      | Reached XP level 5. HP: 37/37 MP: 9/12
  3092 | D:4      | Learned a level 4 spell: Summon Ice Beast
  3774 | D:4      | Noticed Menkaure
  3793 | D:4      | Mangled by Menkaure

Illustrated notes

Levels and vault maps discovered:
D:1:      minmay_arrival_four_circles, layout_basic, serial_shops,
          nicolae_shop_stone
D:2:      layout_loops_cross, uniq_robin
D:3:      layout_basic, dilly_ecumenical_altar_fadedgnrine
D:4:      layout_loops_corners, grunt_decor_resistance, uniq_menkaure

Skill      XL: |  1  2  3  4 |
---------------+-------------+-----
Spellcasting   | 5 |  5.2
Invocations    | 1 |  1.8
Fighting       | 1 |  1.6
Short Blades   | 1 |  1.6
Long Blades    | 1 |  1.6
Axes           | 1 |  1.6
Maces & Flails | 1 |  1.6
Polearms       | 1 |  1.6
Staves         | 1 |  1.6
Ranged Weapons | 1 |  1.6
Throwing       | 1 |  1.6
Armour         | 1 |  1.6
Shields        | 1 |  1.6
Unarmed Combat | 1 |  1.6
Evocations     | 1 |  1.6
Conjurations   | 1 |  1.2
Hexes          | 1 |  1.2
Summonings     | 1 |  1.2
Necromancy     | 1 |  1.2
Translocations | 1 |  1.2
Transmutations | 1 |  1.2
Fire Magic     | 1 |  1.2
Air Magic      | 1 |  1.2
Earth Magic    | 1 |  1.2
Poison Magic   | 1 |  1.2
Dodging        | |  4.8
Stealth        | |  4.4
Ice Magic      | |  7.2

Action                     |  1- 3 |  4- 6 || total
---------------------------+-------+-------++-------
  Melee: Unarmed           |     8 |       ||     8
         Dagger            |    11 |     9 ||    20
         Staff             |       |     5 ||     5
         Bite              |       |     4 ||     4
   Cast: Freeze            |    37 |    64 ||   101
         Frozen Ramparts   |     2 |     2 ||     4
         Ozocubu's Armour  |     1 |     1 ||     2
    Use: Potion            |       |     1 ||     1
   Stab: Distracted        |       |     1 ||     1
 Armour: Robe              |    13 |    17 ||    30
  Dodge: Dodged            |    19 |    43 ||    62

Table legend: (Time is in decaauts)
 A = Elapsed time spent in this place.
 B = Non-inter-level travel time spent in this place.
 C = Inter-level travel time spent in this place.
 D = Time resting spent in this place.
 E = Time spent auto-exploring this place.
 F = Levels seen in this place.
 G = Mean time per level.
                   A        B        C        D        E       F      G
               +--------+--------+--------+--------+--------+-----+--------+
         Total |   3791 |   3697 |     94 |      0 |   3177 |   4 |  947.8 |
       Dungeon |   3791 |   3697 |     94 |      0 |   3177 |   4 |  947.8 |
               +--------+--------+--------+--------+--------+-----+--------+

Top non-repeatable levels by time:
     D:1: 1183 daAuts
     D:3: 1000 daAuts
     D:2: 900 daAuts
     D:4: 706 daAuts
